 Dungeon Crawl Stone Soup version 0.10.4 character file.

374 Pixllover the Ruinous (level 5, -1/28 HPs)
             Began as a Deep Elf Conjurer on Jan 12, 2018.
             Slain by Edmund
             ... wielding a +2,+0 flail of crushing
              (4 damage)
             ... on Level 6 of the Dungeon.
             The game lasted 00:23:04 (4404 turns).

Pixllover the Ruinous (Deep Elf Conjurer)           Turns: 4404, Time: 00:23:04

HP  -1/28        AC  4     Str  5      XL: 5   Next: 51%
MP   0/17        EV 13     Int 21      God:
Gold 174         SH  0     Dex 15      Spells:  3 memorised,  7 levels left

Res.Fire  : . . .   See Invis. : .   v - -2 rod of destruction (curse) (10/10)
Res.Cold  : + . .   Warding    : . . j - +0 robe
Life Prot.: . . .   Conserve   : .   (no shield)
Res.Acid. : . . .   Res.Corr.  : .   (no helmet)
Res.Poison: .       Clarity    : .   f - +0 cloak
Res.Elec. : .       Spirit.Shd : .   s - +0 pair of gauntlets (curse)
Sust.Abil.: . .     Stasis     : .   (no boots)
Res.Mut.  : .       Ctrl.Telep.: .   (no amulet)
Res.Rott. : .       Levitation : .   (no ring)
Saprovore : . . .   Ctrl.Flight: .   l - cursed ring of protection from cold

@: very slightly contaminated, slightly resistant to hostile enchantments,
stealthy
A: no striking features
a: no special abilities


You were on level 6 of the Dungeon.
You were not hungry.

You visited 1 branch of the dungeon, and saw 6 of its levels.

You collected 154 gold pieces.

Inventory:

Hand weapons
 e - a +0,+0 spear (quivered)
 i - a +2,+3 dagger of protection
Missiles
 d - 14 poisoned +0 needles
 n - 3 curare-tipped +0 needles
Armour
 a - a +0 elven robe
 f - a +0 cloak (worn)
 g - a +0 robe
 j - a +0 robe (worn)
 s - a cursed +0 pair of gauntlets (worn)
Magical devices
 p - a wand of random effects (17) {unknown}
 x - a wand of slowing (11) {unknown}
Comestibles
 b - 2 bread rations
 q - 14 strawberries
Scrolls
 h - a scroll of teleportation
 r - a scroll of identify
 t - 2 scrolls of detect curse {unknown}
 w - a scroll of remove curse {unknown}
 y - a scroll of enchant weapon I {unknown}
Jewellery
 k - the ring of Rutzoona {unknown, Str-4 Int+3 Dam+4 SInv}
   (You found it on level 4 of the Dungeon)

   [ring of see invisible]

   It affects your strength (-4).
   It affects your intelligence (+3).
   It affects your damage-dealing abilities (+4).
 l - a cursed ring of protection from cold (left hand)
 m - an uncursed ring of protection from fire {unknown}
 o - an uncursed amulet of conservation {unknown}
Potions
 u - a potion of curing
Books
 c - a book of Conjurations

   Spells                             Type                      Level
   *Magic Dart                        Conjuration                  1
   *Throw Frost                       Conjuration/Ice              2
   *Mephitic Cloud                    Conjuration/Poison/Air       3
   Lightning Bolt                     Conjuration/Air              5
   Bolt of Cold                       Conjuration/Ice              6
   Freezing Cloud                     Conjuration/Ice/Air          6
Magical staves
 v - a cursed -2 rod of destruction [lightning,fireball,iron] (10/10) (in hand)
   (You found it on level 4 of the Dungeon)


   Skills:
 + Level 3.4 Dodging
 + Level 3.7 Stealth
 + Level 0.9 Traps & Doors
 + Level 0.4 Unarmed Combat
 + Level 4.5 Spellcasting
 + Level 6.3 Conjurations
 + Level 0.9 Ice Magic


You had 7 spell levels left.
You knew the following spells:

 Your Spells              Type           Power        Failure   Level  Hunger
a - Magic Dart            Conj           #####        1%          1    None
b - Throw Frost           Ice/Conj       ####...      4%          2    Sultana
c - Mephitic Cloud        Pois/Air/Conj  ###......    17%         3    Choko

Dungeon Overview and Level Annotations

Branches:
Dungeon (6/27)
 Temple: D:4-7          Orc: D:6-11

Altars:
Elyvilon
Xom

Annotations
D:6 Edmund


Message History

Press: ? - help, Shift-Dir - straight line, f/p - Edmund
Aim: Edmund, wielding a glowing flail and wearing a scale mail (heavily wounded)
The puff of frost hits Edmund.
Edmund is severely wounded.
Edmund hits you with a glowing flail.
* * * LOW HITPOINT WARNING * * *
Casting: Throw Frost
Confirm with . or Enter, or press ? or * to list all spells.
Aiming: Throw Frost
Press: ? - help, Shift-Dir - straight line, f/p - Edmund
Aim: Edmund, wielding a glowing flail and wearing a scale mail (severely wounded)
The puff of frost hits Edmund.
Edmund is almost dead.
You barely miss Edmund.
Edmund is almost dead.
Edmund barely misses you.
You hit Edmund but do no damage.
Edmund is almost dead.
Edmund hits you with a glowing flail.
You die... ### #@# ##@# .# .# #. . .# ..

You could see Edmund.

Vanquished Creatures
  An ogre (D:4)
  A giant mite (D:2)
  3 adders
  2 giant geckos
  An ooze (D:3)
  3 orcs (D:3)
  A ball python (D:3)
  4 giant cockroaches
  11 goblins
  7 hobgoblins
  10 bats
  A giant gecko skeleton (D:4)
  3 giant newts
  11 kobolds
  An orc skeleton (D:4)
  3 quokkas
  12 rats
  A rat skeleton (D:4)
  2 butterflies (D:4)
78 creatures vanquished.

Notes
Turn   | Place    | Note
--------------------------------------------------------------
     0 | D:1      | Pixllover, the Deep Elf Conjurer, began the quest for the Orb.
     0 | D:1      | Reached XP level 1. HP: 10/10 MP: 4/4
   396 | D:1      | Reached XP level 2. HP: 15/15 MP: 1/7
  1065 | D:2      | Reached skill level 5 in Conjurations
  1076 | D:2      | Learned a level 2 spell: Throw Frost
  1431 | D:2      | Reached XP level 3. HP: 19/19 MP: 2/10
  1582 | D:2      | Learned a level 3 spell: Mephitic Cloud
  2676 | D:3      | Found a white marble altar of Elyvilon.
  2737 | D:3      | Gained mutation: You are partially covered in icy blue scales (AC +1).
  2737 | D:3      | Gained mutation: Your body is slowly deteriorating.
  2737 | D:3      | Gained mutation: Your muscles are flexible, but weak (Str -1, Dex +1).
  2738 | D:3      | Lost mutation: Your muscles are flexible, but weak (Str -1, Dex +1).
  2738 | D:3      | Lost mutation: Your body is slowly deteriorating.
  2738 | D:3      | Lost mutation: You are partially covered in icy blue scales (AC +1).
  2899 | D:3      | Reached XP level 4. HP: 24/24 MP: 13/13
  3548 | D:4      | Found a shimmering altar of Xom.
  3620 | D:4      | Identified a cursed -2 rod of destruction [lightning,fireball,iron] (10/10) (You found it on level 4 of the Dungeon)
  3639 | D:4      | Reached skill level 6 in Conjurations
  3784 | D:4      | Reached XP level 5. HP: 28/28 MP: 1/17
  3841 | D:4      | Got a brightly glowing lead ring
  4359 | D:5      | Entered Level 5 of the Dungeon
  4359 | D:5      | Noticed Edmund
  4404 | D:6      | Slain by Edmund
